[Event "Queens Festival Final-D 2022"]
[Site "Tornelo"]
[Date "2022.06.25"]
[Round "10.5"]
[White "Jiang, Tianyu"]
[Black "Rajaram, Anika"]
[Result "1-0"]
[ECO "A00"]
[WhiteElo "1502"]
[BlackElo "1499"]
[Annotator "NA RC"]
[PlyCount "155"]
[EventDate "2022.06.24"]
[EventType "tourn"]
[EventCountry "NET"]
[SourceTitle "playchess.com"]
[Source "ChessBase"]
[SourceQuality "1"]
[TimeControl "180+2"]

1. Nc3 d5 2. e4 dxe4 3. Nxe4 Bf5 4. Ng3 Bg6 5. Nf3 e6 6. d4 Nf6 7. h4 h6 8. Bc4 Be7 9. Qe2 O-O 10. c3 c5 11. Be3 Qc7 12. Ne5 Bh7 13. Bb3 Nbd7 14. Nf3 b6 15. O-O Rad8 16. Rac1 Bd6 17. Nh1 Be4 18. Rfd1 Bb7 19. Bc2 Bf4 20. Qd3 Be4 21. Qe2 Bxc2 22. Qxc2 Bxe3 23. fxe3 Ng4 24. Qe2 Ndf6 25. e4 Qf4 26. Re1 Nh5 27. Rf1 Ng3 28. Nxg3 Qxg3 29. Qe1 Qxe1 30. Rfxe1 Nf6 31. e5 Nd5 32. g3 Rc8 33. c4 Nb4 34. Red1 Rfd8 35. a3 Na6 36. d5 exd5 37. cxd5 Nc7 38. d6 Ne6 39. Rc2 c4 40. Rdc1 b5 41. b3 Rc5 42. bxc4 Rdc8 43. d7 Rd8 44. cxb5 Rxc2 45. Rxc2 Rxd7 46. a4 Rd3 47. Kf2 Ra3 48. Rc4 Ra2+ 49. Kg1 Ra3 50. Kg2 Ra2+ 51. Kh3 Ra3 52. Nd4 Kf8 53. Nxe6+ fxe6 54. Rc8+ Kf7 55. Rc7+ Kg6 56. Rxa7 Kf5 57. b6 Kxe5 58. b7 Rb3 59. Ra5+ Kd6 60. Ra7 Kc7 61. Kg4 Kb8 62. Ra6 Kxb7 63. Rxe6 Rb4+ 64. Kh5 Rxa4 65. Re7+ Kc8 66. Rxg7 Ra6 67. Rg6 Ra5+ 68. Kxh6 Kd8 69. g4 Ke8 70. g5 Kf8 71. h5 Ra7 72. Rf6+ Kg8 73. g6 Ra5 74. Rb6 Ra8 75. g7 Kf7 76. Kh7 Rd8 77. Rb7+ Kf6 78. g8=Q 1-0

[Event "Queens Festival Final-D 2022"]
[Site "Tornelo"]
[Date "2022.06.25"]
[Round "10.6"]
[White "Amulya Guruprasad"]
[Black "Bakhshizada, Asnad"]
[Result "1-0"]
[ECO "C14"]
[WhiteElo "1251"]
[BlackElo "1052"]
[Annotator "NA RC"]
[PlyCount "77"]
[EventDate "2022.06.24"]
[EventType "tourn"]
[EventCountry "NET"]
[SourceTitle "playchess.com"]
[Source "ChessBase"]
[SourceQuality "1"]
[TimeControl "180+2"]

1. e4 e6 2. d4 d5 3. Nc3 Nf6 4. Bg5 Be7 5. e5 Nfd7 6. Bxe7 Qxe7 7. f4 c5 8. Nb5 Na6 9. Nd6+ Kf8 10. Nf3 Nb6 11. Bxa6 bxa6 12. dxc5 Nd7 13. c6 Nb6 14. Qd2 Qc7 15. Qc3 g6 16. O-O-O Rb8 17. b3 h6 18. g4 Kg7 19. h4 a5 20. f5 a4 21. fxg6 fxg6 22. Nd4 axb3 23. cxb3 a6 24. g5 h5 25. Rhf1 Rf8 26. Rxf8 Kxf8 27. Qf3+ Kg8 28. Rf1 Qg7 29. Ne8 Qe7 30. Nf6+ Kg7 31. Nc2 a5 32. Nxh5+ gxh5 33. Qxh5 Ba6 34. Qh6+ Kg8 35. Rf6 Qg7 36. Rg6 Kf8 37. Qxg7+ Ke8 38. Rxe6+ Kd8 39. Rd6+ 1-0

[Event "Queens Festival Final-D 2022"]
[Site "Tornelo"]
[Date "2022.06.25"]
[Round "11.2"]
[White "Rajaram, Anika"]
[Black "Amulya Guruprasad"]
[Result "1-0"]
[ECO "E62"]
[WhiteElo "1499"]
[BlackElo "1251"]
[Annotator "NA RC"]
[PlyCount "63"]
[EventDate "2022.06.24"]
[EventType "tourn"]
[EventCountry "NET"]
[SourceTitle "playchess.com"]
[Source "ChessBase"]
[SourceQuality "1"]
[TimeControl "180+2"]

1. d4 Nf6 2. c4 g6 3. g3 c6 4. Bg2 Bg7 5. Nc3 d6 6. Nf3 O-O 7. O-O Be6 8. Qd3 Nbd7 9. e4 Nb6 10. d5 cxd5 11. cxd5 Bg4 12. h3 Bd7 13. Be3 Rc8 14. Rac1 Nc4 15. Qe2 b6 16. Nd4 Rc7 17. Ncb5 Nxe3 18. Qxe3 Rxc1 19. Rxc1 a6 20. Na7 Qa8 21. Ndc6 e6 22. Qxb6 exd5 23. exd5 h5 24. Ne7+ Kh7 25. Nac6 Re8 26. Qc7 Bf8 27. Qxd6 Bxc6 28. Qxf6 Bb7 29. Qxf7+ Bg7 30. Qxg6+ Kh8 31. Qxh5+ Bh6 32. Qxh6# 1-0

[Event "Queens Festival Final-D 2022"]
[Site "Tornelo"]
[Date "2022.06.25"]
[Round "11.3"]
[White "Rozas Lazcano, Valeska"]
[Black "Jiang, Tianyu"]
[Result "0-1"]
[ECO "B23"]
[WhiteElo "1551"]
[BlackElo "1502"]
[Annotator "NA RC"]
[PlyCount "86"]
[EventDate "2022.06.24"]
[EventType "tourn"]
[EventCountry "NET"]
[SourceTitle "playchess.com"]
[Source "ChessBase"]
[SourceQuality "1"]
[TimeControl "180+2"]

1. e4 c5 2. Nc3 Nc6 3. Bb5 Nd4 4. Nf3 Nxb5 5. Nxb5 a6 6. Nc3 e6 7. d4 cxd4 8. Nxd4 Qc7 9. Be3 Nf6 10. a3 b5 11. h3 Bb7 12. f3 Bc5 13. Qd3 Rc8 14. Rd1 O-O 15. Nb3 Qg3+ 16. Kf1 Bxe3 17. Qxe3 d5 18. e5 Nd7 19. Re1 Qg6 20. Nd4 Nb6 21. b3 Nd7 22. Nce2 h6 23. Kf2 Qg5 24. f4 Qe7 25. Ra1 Nc5 26. Ng3 f6 27. Rhe1 fxe5 28. Qxe5 Qf6 29. Qxf6 Rxf6 30. Nh5 Rf7 31. Nxe6 Nxe6 32. Rxe6 Rxc2+ 33. Kg3 Rc3+ 34. Kg4 Bc8 35. f5 Bxe6 36. fxe6 Re7 37. Nf4 Rxb3 38. Rd1 g5 39. Nxd5 Rxe6 40. Kf5 Re2 41. g4 Rf3+ 42. Kg6 Re6+ 43. Nf6+ Rexf6+ 0-1

[Event "Queens Festival Final-D 2022"]
[Site "Tornelo"]
[Date "2022.06.25"]
[Round "11.4"]
[White "Shah, Riya"]
[Black "Vujovic, Vera"]
[Result "0-1"]
[ECO "D00"]
[WhiteElo "1559"]
[BlackElo "1353"]
[Annotator "NA RC"]
[PlyCount "98"]
[EventDate "2022.06.24"]
[EventType "tourn"]
[EventCountry "NET"]
[SourceTitle "playchess.com"]
[Source "ChessBase"]
[SourceQuality "1"]
[TimeControl "180+2"]

1. d4 d5 2. e3 c5 3. c3 Nc6 4. Bd3 e6 5. f4 c4 6. Bc2 b5 7. a4 b4 8. b3 bxc3 9. Nxc3 Bb4 10. Bd2 Qa5 11. Nb1 c3 12. Bc1 f6 13. Ne2 e5 14. fxe5 fxe5 15. O-O Nf6 16. Qd3 e4 17. Qb5 Qxb5 18. axb5 Ne7 19. Nexc3 Bxc3 20. Nxc3 O-O 21. Ba3 Re8 22. Bxe7 Rxe7 23. b6 a6 24. Nb5 Rb7 25. Nc7 Rab8 26. Nxa6 Ra8 27. Nc5 Rxa1 28. Rxa1 Rxb6 29. Ra8 Rc6 30. Bd1 Kf7 31. Ra7+ Kg6 32. b4 Rb6 33. Ra4 Bg4 34. Bb3 Be2 35. Ra6 Bxa6 36. Nxa6 Rxa6 37. b5 Rb6 38. Ba4 Ng4 39. Kf1 Nxe3+ 40. Ke2 Nxg2 41. Kd2 e3+ 42. Ke2 Kf5 43. Kf3 Re6 44. Bc2+ Kf6 45. Bxh7 e2 46. Bg8 Re3+ 47. Kxg2 e1=Q 48. Bxd5 Qd2+ 49. Kf1 Re1# 0-1

[Event "Queens Festival Final-D 2022"]
[Site "Tornelo"]
[Date "2022.06.25"]
[Round "11.5"]
[White "Mak, Xiu Ning Charlene"]
[Black "Aydogan, Arya"]
[Result "1-0"]
[ECO "C54"]
[WhiteElo "1573"]
[BlackElo "1409"]
[Annotator "NA RC"]
[PlyCount "91"]
[EventDate "2022.06.24"]
[EventType "tourn"]
[EventCountry "NET"]
[SourceTitle "playchess.com"]
[Source "ChessBase"]
[SourceQuality "1"]
[TimeControl "180+2"]

1. e4 e5 2. Nf3 Nc6 3. Bc4 Bc5 4. c3 Nf6 5. d3 d6 6. Bb3 Be6 7. h3 Bxb3 8. axb3 Bb6 9. Nbd2 d5 10. Qe2 O-O 11. Nf1 Qe7 12. Ng3 dxe4 13. dxe4 Qe6 14. b4 Ne7 15. O-O c6 16. Bg5 Ng6 17. Nf5 Nf4 18. Bxf4 exf4 19. Rfe1 g6 20. N5d4 Qe7 21. Qd2 Bc7 22. e5 Nd5 23. c4 Nxb4 24. Re4 Rfd8 25. Qxf4 c5 26. Nb5 Nd3 27. Qe3 Nxb2 28. Nxc7 Qxc7 29. Qh6 Re8 30. Ng5 f5 31. exf6 Rxe4 32. f7+ Qxf7 33. Nxf7 Kxf7 34. Qxh7+ Kf6 35. Qxb7 Rd8 36. Qxe4 Nd3 37. Rd1 Nxf2 38. Qh4+ g5 39. Qxf2+ Ke7 40. Qxc5+ Ke8 41. Qe5+ Kf7 42. Rxd8 Kg6 43. h4 gxh4 44. Rd6+ Kh7 45. Qe7+ Kg8 46. Rd8# 1-0